 Dungeon Crawl Stone Soup version 0.17.2 (webtiles) character file.

3524 Nekros the Unseen (level 9, -7/39 HPs)
             Began as a Spriggan Enchanter on May 31, 2016.
             Was an Elder of Nemelex Xobeh.
             Mangled by an orc warrior
             ... wielding a +0 trident
              (9 damage)
             ... on level 9 of the Dungeon.
             The game lasted 01:11:37 (10591 turns).

Nekros the Unseen (Spriggan Enchanter)             Turns: 10591, Time: 01:11:37

Health: -7/39      AC:  5    Str:  4    XL:     9   Next: 81%
Magic:  27/27      EV: 25    Int: 25    God:    Nemelex Xobeh [****..]
Gold:   183        SH:  0    Dex: 19    Spells: 5 memorised, 6 levels left

rFire  . . .     SeeInvis +     s - +2 dagger (venom)
rCold  . . .     Clarity  .     L - +2 robe of the Undertaker {rCorr MP+9 Int+4} (curse)
rNeg   . . .     SustAt   +     (shield restricted)
rPois  .         Gourm    .     (helmet restricted)
rElec  .         Spirit   .     n - +0 cloak
rCorr  +         Warding  .     (gloves unavailable)
rMut   .         Stasis   .     (boots unavailable)
MR     +....                    (no amulet)
Stlth  +++++++...               U - ring of sustain attributes
                                e - +4 ring of intelligence

@: very quick, somewhat resistant to hostile enchantments, extremely stealthy
A: unfitting armour, see invisible, herbivore 3, speed 3, slow metabolism 2
a: Triple Draw, Deal Four, Renounce Religion


You were on level 9 of the Dungeon.
You worshipped Nemelex Xobeh.
Nemelex Xobeh was greatly pleased with you.
You were not hungry.

You visited 1 branch of the dungeon, and saw 9 of its levels.

You collected 383 gold pieces.
You spent 200 gold pieces at shops.

Inventory:

Hand Weapons
 a - a +0 blowgun
 b - a +0 hand crossbow
 l - a +2 quarterstaff of chaos
 o - a +0 shortbow
 s - a +2 dagger of venom (weapon)
 H - a cursed +0 short sword of electrocution
Missiles
 j - 70 arrows
 k - 4 exploding tomahawks (quivered)
 m - 34 bolts
 x - 4 throwing nets
 F - 53 poisoned needles
Armour
 n - a +0 cloak (worn)
 L - the cursed +2 robe of the Undertaker (worn) {rCorr MP+9 Int+4}
   (You found it on level 5 of the Dungeon)

   It affects your intelligence (+4).
   It affects your magic capacity (+9).
   It protects you from acid and corrosion.
   It has a curse placed upon it.
Jewellery
 e - a +4 ring of intelligence (left hand)
 U - a ring of sustain attributes (right hand)
 X - an uncursed amulet of stasis
Wands
 K - a wand of digging (14)
 R - a wand of fire (5)
Scrolls
 h - a scroll of fear {unknown}
 r - a scroll of vulnerability {unknown}
 u - 7 scrolls of identify
 v - a scroll of fog {unknown}
 w - 3 scrolls of blinking {unknown}
 E - a scroll of enchant weapon {unknown}
 G - 2 scrolls of random uselessness {unknown}
 J - 2 scrolls of teleportation {unknown}
 S - a scroll of enchant armour
 V - 2 scrolls of remove curse
 W - 2 scrolls of amnesia
 Y - a scroll of immolation {unknown}
Potions
 i - 2 potions of berserk rage {unknown}
 p - 2 potions of might
 q - 3 potions of lignification
 z - a potion of resistance {unknown}
 A - a potion of mutation {unknown}
 C - a potion of degeneration {unknown}
 D - 2 potions of brilliance {unknown}
 I - a potion of flight {unknown}
 P - a potion of cure mutation {unknown}
Books
 c - a book of Maledictions

   Spells                             Type                      Level
   a - Corona                         Hexes                        1
   b - Ensorcelled Hibernation        Hexes/Ice                    2
   c - Confuse                        Hexes                        3
   d - Tukima's Dance                 Hexes                        3
   e - Dazzling Spray                 Conjuration/Hexes            3
 y - a Young Poisoner's Handbook

   Spells                             Type                      Level
   a - Sting                          Conjuration/Poison           1
   b - Cure Poison                    Poison                       2
   c - Mephitic Cloud                 Conjuration/Poison/Air       3
   d - Olgreb's Toxic Radiance        Poison                       4
   e - Venom Bolt                     Conjuration/Poison           5
 M - a book of Minor Magic

   Spells                             Type                      Level
   a - Magic Dart                     Conjuration                  1
   b - Blink                          Translocation                2
   c - Call Imp                       Summoning                    2
   d - Repel Missiles                 Charms/Air                   2
   e - Slow                           Hexes                        2
   f - Conjure Flame                  Conjuration/Fire             3
   g - Mephitic Cloud                 Conjuration/Poison/Air       3
Miscellaneous
 f - an ornate deck of escape {drawn: 1}
 g - a plain deck of changes {drawn: 3}
 O - a plain deck of war {drawn: 4}
 Q - a legendary deck of escape {drawn: 2}
 Z - a plain deck of war
Comestibles
 d - 5 bread rations
 t - a royal jelly
 B - a slice of pizza


   Skills:
 - Level 1.1 Short Blades
 - Level 8.4 Dodging
 + Level 15.6 Stealth
 - Level 5.7 Spellcasting
 - Level 3.0 Conjurations
 - Level 3.6 Hexes
 - Level 6.0 Evocations


You had 6 spell levels left.
You knew the following spells:

 Your Spells              Type           Power        Failure   Level  Hunger
a - Mephitic Cloud        Conj/Pois/Air  ##......     17%         3    #......
b - Confuse               Hex            ####....     6%          3    #......
c - Dazzling Spray        Conj/Hex       ###.....     8%          3    #......
d - Call Imp              Summ           #.......     14%         2    None
e - Ensorcelled Hibernat  Hex/Ice        ###...       8%          2    None


Dungeon Overview and Level Annotations

Branches:
Dungeon (9/15)             Temple (0/1) D:6            Lair (0/8) D:9
    Orc: D:9-12

Altars:
Ashenzari
Gozag
Kikubaaqudgha
Nemelex Xobeh
Sif Muna
Vehumet
Xom
Yredelemnul

Shops:
D:4 :   D:8 [


Innate Abilities, Weirdness & Mutations

You are tiny and cannot use many weapons and most armour.
You have supernaturally acute eyesight.
You are a herbivore.
You cover ground extremely quickly.
You need consume almost no food.


Message History

You hit the orc warrior but do no damage.
Your centaur hits the orc warrior! The orc warrior closely misses you.
You hit the orc warrior but do no damage.
The orc warrior is poisoned.
The orc warrior is moderately wounded.
Your centaur completely misses the orc warrior.
The rat bites the plant but does no damage.
Your centaur hits the orc warrior but does no damage.
You hit the orc warrior but do no damage.
The orc warrior looks even sicker.
The orc warrior is moderately wounded.
The rat bites the plant but does no damage.
The orc warrior hits you with a trident!
* * * LOW HITPOINT WARNING * * *
Your centaur barely misses the orc warrior.
Your centaur hits the orc warrior but does no damage.
The rat barely misses your centaur. The rat completely misses you.
The orc warrior hits you from afar with a trident!
You die...
Your body glows with a rainbow of weird colours and disappears.

#####.## .........
.......# ####...P.P.P
.......########.....P.PP..
..............#......P..PP
.......######.#....nP.P..
...)...# #.#.†PPP.# ##
.......# #.'.....P#.>#
.......# ###...†..'..#
###÷##.# ##@rPc.####
###.##..# #..or.....
#...###.# ##.P..P..P.
..........# #P...P.P..
≈≈≈≈≈≈≈≈8.# #.P.....P.
≈≈≈≈≈≈≈8≈.# ##.#P.....
#####'.≈≈.. #'##..###
#.≈≈.. .. ..# #≈≈o. .. .'


You could see an orc warrior, a necrophage, 2 rats and a friendly centaur.

Vanquished Creatures
  Prince Ribbit (D:5)
  A hippogriff (D:6)
  A wolf (D:5)
  A sky beast (D:8)
  An orc warrior (D:6)
  A phantom (D:5)
  A centaur (D:8)
  An ice beast (D:8)
  3 ogres
  2 giant frogs (D:8)
  3 scorpions
  7 crimson imps
  A gnoll shaman (D:9)
  4 orc priests
  Crazy Yiuf (D:3)
  A giant frog skeleton (D:6)
  6 worker ants
  Natasha (thrice) (D:4)
  An iguana (D:4)
  7 orc wizards
  A hound zombie (D:5)
  3 adders
  6 gnolls
  2 river rats (D:9)
  2 shadow imps
  5 adder skeletons
  An adder zombie (D:2)
  2 worms
  5 giant geckos
  19 orcs
  A bat skeleton (D:2)
  2 bat zombies (D:2)
  8 giant cockroaches
  7 hobgoblins
  15 jackals
  4 quokkas
  A ball python (D:1)
  A ball python skeleton (D:2)
  13 bats
  2 giant cockroach zombies (D:2)
  A giant gecko zombie (D:2)
  2 giant newts
  7 goblins
  10 kobolds
  7 rats
  A plant (D:2)
175 creatures vanquished.

Vanquished Creatures (collateral kills)
  The ghost of Redz the Conjurer, a novice GrCj (D:6)
  Grinder (D:3)
  A deep elf fighter (D:9)
  A crocodile (D:9)
  14 big kobolds (D:8)
  An iguana (D:4)
  An adder (D:3)
  An orc (D:3)
  A bat (D:9)
  3 jackals (D:8)
  A giant cockroach (D:3)
  8 kobolds (D:8)
  A fungus (D:9)
35 creatures vanquished.

Vanquished Creatures (others)
  4 fungi (D:9)
4 creatures vanquished.

Grand Total: 214 creatures vanquished

Notes
Turn   | Place    | Note
--------------------------------------------------------------
     0 | D:1      | Nekros the Spriggan Enchanter began the quest for the Orb.
     0 | D:1      | Reached XP level 1. HP: 9/9 MP: 5/5
   212 | D:1      | Reached skill level 5 in Stealth
   305 | D:1      | Reached XP level 2. HP: 13/13 MP: 6/6
   406 | D:1      | Found a sparkling altar of Nemelex Xobeh.
   439 | D:1      | Became a worshipper of Nemelex Xobeh the Trickster
   451 | D:1      | Received a gift from Nemelex Xobeh
   656 | D:2      | Reached skill level 6 in Stealth
  1049 | D:2      | Reached XP level 3. HP: 16/16 MP: 8/8
  1157 | D:2      | Learned a level 3 spell: Confuse
  1161 | D:2      | Learned a level 3 spell: Dazzling Spray
  1320 | D:2      | Found a shimmering altar of Xom.
  1972 | D:3      | Noticed Grinder
  1974 | D:3      | Paralysed by Grinder for 6 turns
  2015 | D:3      | Reached XP level 4. HP: 21/21 MP: 9/9
  2021 | D:3      | Killed Grinder
  2021 | D:3      | Reached XP level 5. HP: 24/24 MP: 10/10
  2033 | D:3      | Reached skill level 7 in Dodging
  2056 | D:3      | Found a shattered altar of Ashenzari.
  2059 | D:3      | Found an opulent altar of Gozag.
  2064 | D:3      | Found an ancient bone altar of Kikubaaqudgha.
  2139 | D:3      | Reached * piety under Nemelex Xobeh
  2342 | D:3      | Received a gift from Nemelex Xobeh
  2385 | D:3      | Reached skill level 8 in Dodging
  2518 | D:3      | Reached XP level 6. HP: 23/28 MP: 11/11
  2530 | D:3      | Reached skill level 1 in Evocations
  2942 | D:3      | Noticed Crazy Yiuf
  2948 | D:3      | Killed Crazy Yiuf
  3275 | D:4      | Noticed Natasha
  3469 | D:4      | Killed Natasha
  3476 | D:4      | Reached skill level 5 in Evocations
  3476 | D:4      | Reached XP level 7. HP: 8/32 MP: 6/12
  3718 | D:4      | Noticed Natasha
  3735 | D:4      | Killed Natasha
  3976 | D:4      | Noticed Natasha
  3989 | D:4      | Killed Natasha
  4011 | D:4      | Found Zarghen's Book Shoppe.
  4011 | D:4      | Received a gift from Nemelex Xobeh
  4794 | D:5      | Entered Level 5 of the Dungeon
  4794 | D:5      | Noticed Prince Ribbit
  4809 | D:5      | Killed Prince Ribbit
  4809 | D:5      | Reached skill level 1 in Conjurations
  4961 | D:5      | Reached ** piety under Nemelex Xobeh
  5342 | D:5      | Reached skill level 5 in Spellcasting
  5342 | D:5      | Reached XP level 8. HP: 31/36 MP: 16/16
  5940 | D:5      | Got a steaming robe
  5941 | D:5      | Identified the +2 robe of the Undertaker {rCorr MP+9 Int+4} (You found it on level 5 of the Dungeon)
  6035 | D:4      | Bought a book of Minor Magic for 200 gold pieces
  6041 | D:4      | Learned a level 3 spell: Mephitic Cloud
  6044 | D:4      | Learned a level 2 spell: Call Imp
  6275 | D:6      | Found a staircase to the Ecumenical Temple.
  6446 | D:6      | Found a basalt altar of Yredelemnul.
  6449 | D:6      | Found a deep blue altar of Sif Muna.
  6461 | D:6      | Found a radiant altar of Vehumet.
  6845 | D:6      | Reached *** piety under Nemelex Xobeh
  6845 | D:6      | Received a gift from Nemelex Xobeh
  6881 | D:6      | Reached skill level 9 in Stealth
  7101 | D:6      | Noticed Redz's ghost (novice GrCj)
  7137 | D:6      | Killed Redz's ghost
  7137 | D:6      | Reached skill level 10 in Stealth
  7164 | D:6      | Reached skill level 11 in Stealth
  7658 | D:7      | Received a gift from Nemelex Xobeh
  7702 | D:7      | Reached XP level 9. HP: 36/39 MP: 18/18
  8411 | D:8      | Reached **** piety under Nemelex Xobeh
  8432 | D:8      | Learned a level 2 spell: Ensorcelled Hibernation
  8435 | D:8      | Received a gift from Nemelex Xobeh
  8522 | D:8      | Reached skill level 12 in Stealth
  8546 | D:8      | Reached skill level 13 in Stealth
  8660 | D:8      | Found Fytifem's Antique Armour Shop.
  9015 | D:8      | Reached skill level 14 in Stealth
  9665 | D:9      | Received a gift from Nemelex Xobeh
  9669 | D:9      | Reached skill level 15 in Stealth
 10572 | D:9      | Found a staircase to the Lair.
 10591 | D:9      | Mangled by an orc warrior

Action                   |  1- 3 |  4- 6 |  7- 9 || total
-------------------------+-------+-------+-------++-------
Melee: Dagger            |   302 |    96 |   337 ||   735
       Unarmed           |       |       |    55 ||    55
 Fire: Hand crossbow     |       |       |    15 ||    15
       Blowgun           |       |       |    10 ||    10
       Shortbow          |       |       |     5 ||     5
Throw: Stone             |     1 |    13 |    10 ||    24
 Cast: Dazzling Spray    |       |     5 |     6 ||    11
       Confuse           |       |       |    14 ||    14
       Mephitic Cloud    |       |       |    11 ||    11
       Call Imp          |       |       |     2 ||     2
Evoke: Deck              |     2 |    10 |    29 ||    41
  Use: Scroll            |     9 |       |     1 ||    10
       Potion            |       |     1 |     4 ||     5
 Stab: Sleeping          |    14 |     3 |    13 ||    30
       Confused          |       |       |     9 ||     9
       Invisible         |       |       |     2 ||     2
       Distracted        |       |       |     2 ||     2
       Petrifying        |       |       |     1 ||     1
  Eat: Bread ration      |       |     1 |     1 ||     2
